 Dungeon Crawl Stone Soup version 0.28-a0-1206-g193881aaa2 (webtiles) character file.

Game seed: 5159025005075972559

9 flotson the Ducker (level 2, 22/22 HPs)
             Began as a Demonspawn Gladiator on Dec 21, 2021.
             Quit the game on level 1 of the Dungeon.
             The game lasted 00:00:37 (515 turns).

flotson the Ducker (Demonspawn Gladiator)            Turns: 515, Time: 00:00:38

Health: 22/22      AC:  4    Str: 14    XL:     2   Next: 6%
Magic:  2/2        EV: 12    Int: 11    God:
Gold:   56         SH:  0    Dex: 14    Spells: 1/1 levels left

rFire   . . .      SeeInvis .   a - +0 war axe
rCold   . . .      Faith    .   (no shield)
rNeg    . . .      Spirit   .   b - +0 leather armour
rPois   .          Reflect  .   c - +0 helmet
rElec   .          Harm     .   (no cloak)
rCorr   .          Rampage  .   (no gloves)
Will    .....                   (no boots)
Stlth   +.........              (no amulet)
HPRegen 0.07/turn               (no ring)
MPRegen 0.08/turn               (no ring)

@: no status effects
A: big brain 1
a: no special abilities


You were on level 1 of the Dungeon.
You visited 1 branch of the dungeon, and saw 1 of its levels.

You collected 56 gold pieces.

Inventory:

Hand Weapons
 a - a +0 war axe (weapon)
Missiles
 d - 3 throwing nets (quivered)
Armour
 b - a +0 leather armour (worn)
 c - a +0 helmet (worn)
Potions
 e - a potion of mutation {unknown}
 f - a potion of might {unknown}


   Skills:
 + Level 2.2 Fighting
 - Level 2.6 Axes
 + Level 2.0 Throwing
 + Level 0.4 Armour
 + Level 2.8 Dodging


You had one spell level left.
You didn't know any spells.
Your spell library was empty.

Dungeon Overview and Level Annotations

Branches:
Dungeon (1/15)

Altars:


Innate Abilities, Weirdness & Mutations

You have an unusually large brain. (Int +2)


Message History

Your unstable footing causes you to fumble your attack.
The bat hits you but does no damage. The hobgoblin hits you.
The hobgoblin barely misses you.
You hit the hobgoblin.
The hobgoblin is moderately wounded.
The bat barely misses you. The hobgoblin hits you.
You closely miss the hobgoblin.
The hobgoblin is moderately wounded.
The bat closely misses you. The hobgoblin barely misses you.
Your unstable footing causes you to fumble your attack.
The bat misses you.
The hobgoblin hits you but does no damage.
The bat closely misses you. The hobgoblin closely misses you.
You hit the hobgoblin.
You kill the hobgoblin!
The bat barely misses you. The bat hits you but does no damage.
Your Throwing skill increases to level 2!
You slash the bat!
You kill the bat!
You have reached level 2!
Your demonic ancestry asserts itself...
Your brain expands.
You see here a hobgoblin corpse.
A goblin comes into view. It is wielding a +0 club.
The goblin shouts!
The goblin hits you with a +0 club.
You hit the goblin.
The goblin is moderately wounded.
The goblin hits you but does no damage.
You hit the goblin.
You kill the goblin!
No target in view!
No target in view!
No target in view!
No target in view!
No target in view!
No target in view!
No target in view!
Found a stone staircase leading down.
Are you sure you want to abandon this character and quit the game? (Confirm with "yes".)

........................♣♣≈≈P≈≈P♣
.................######≈♣≈≈≈≈≈≈≈≈
........####.....####♣≈♣≈≈≈≈≈≈≈≈≈
........# #.....##..≈≈≈††≈......
...##########....##..............
.................##......≈.≈.≈...
###..............##....♣≈≈..≈≈≈≈P
.................+.....≈P≈≈≈≈P≈≈≈
.##.............@##.....♣PPP≈≈≈≈≈
..............#..........♣≈≈≈≈≈≈≈
.#.......... #.#........≈≈P≈≈≈≈≈
########## ...#...)....≈≈P≈≈≈≈
.... ##..#.........♣♣ ....
#..#........... ..##
##>#........... .# ###.....######
.. #.....#


There were no monsters in sight!

Vanquished Creatures
  A ball python (D:1)
  2 hobgoblins (D:1)
  2 bats (D:1)
  A goblin (D:1)
  2 kobolds (D:1)
  2 rats (D:1)
10 creatures vanquished.

Vanquished Creatures (others)
  A plant (D:1)
1 creature vanquished.

Grand Total: 11 creatures vanquished

Notes
Turn   | Place    | Note
-------+----------+-------------------------------------------
     0 | D:1      | flotson the Demonspawn Gladiator began the quest for the
                  | Orb.
     0 | D:1      | Reached XP level 1. HP: 16/16 MP: 1/1
   357 | D:1      | Gained mutation: You have an unusually large brain. (Int
                  | +2) [demonic ancestry]
   357 | D:1      | Reached XP level 2. HP: 13/22 MP: 2/2
   515 | D:1      | Quit the game

Illustrated notes

Levels and vault maps discovered:
D:1:      dpeg_arrival_boxes_within_box, layout_basic,
          hellmonk_ecumenical_altar_prayer_group, serial_bayou_ford_a

Skill      XL: |  1 |
---------------+----+-----
Throwing       | 2 |  2.0
Fighting       | |  2.2
Axes           | |  2.6
Armour         | |  0.4
Dodging        | |  2.8

Action                   || total
-------------------------++-------
Melee: War axe           ||    35
Armor: Leather armour    ||    16
Dodge: Dodged            ||    31

Table legend: (Time is in decaauts)
 A = Elapsed time spent in this place.
 B = Non-inter-level travel time spent in this place.
 C = Inter-level travel time spent in this place.
 D = Time resting spent in this place.
 E = Time spent auto-exploring this place.
 F = Levels seen in this place.
 G = Mean time per level.
                   A        B        C        D        E       F      G
               +--------+--------+--------+--------+--------+-----+--------+
         Total |    531 |    531 |      0 |      0 |    438 |   1 |  531.0 |
       Dungeon |    531 |    531 |      0 |      0 |    438 |   1 |  531.0 |
               +--------+--------+--------+--------+--------+-----+--------+

Top non-repeatable levels by time:
     D:1: 531 daAuts
